 Dungeon Crawl Stone Soup version 0.21.1-1-g345015f (webtiles) character file.

23 Krilegs the Scratcher (level 2, -2/12 HPs)
             Began as a Felid Transmuter on May 7, 2018.
             Slain by a gnoll (6 damage)
             ... on level 2 of the Dungeon.
             The game lasted 00:03:02 (813 turns).

Krilegs the Scratcher (Felid Transmuter)             Turns: 813, Time: 00:03:02

Health: -2/12      AC:  1    Str:  6    XL:     2   Next: 72%
Magic:  5/6        EV: 18    Int: 14    God:
Gold:   44         SH:  0    Dex: 16    Spells: 4/5 levels left
                                        Lives:  0   Deaths: 0

rFire    . . .     SeeInvis +     - Unarmed
rCold    . . .     Gourm    .   (shield unavailable)
rNeg     . . .     Faith    .   (armour unavailable)
rPois    .         Spirit   .   (helmet unavailable)
rElec    .         Reflect  .   (cloak unavailable)
rCorr    .         Harm     .   (gloves unavailable)
MR       .....                  (boots unavailable)
Stlth    ++........             (no amulet)
HPRegen  0.04/turn              (no ring)
MPRegen  0.10/turn              (no ring)

@: appendage (expiring), quick
A: very small, no armour, no weapons or thrown items, stealth, claws 1, fangs 3,
horns 2, see invisible, carnivore, speed 1, shaggy fur 1, slow metabolism 1,
sharp paws
a: End Transformation


You were on level 2 of the Dungeon.
You were not hungry.
You had grown temporary horns.
You visited 1 branch of the dungeon, and saw 2 of its levels.

You collected 44 gold pieces.

Inventory:

Missiles
 a - 29 arrows
Scrolls
 e - a scroll of identify {unknown}
Potions
 d - a potion of curing
Books
 b - a book of Changes

   Spells                             Type                      Level
   a - Beastly Appendage              Transmutation                1
   b - Sticks to Snakes               Transmutation                2
   c - Spider Form                    Transmutation/Poison         3
   d - Ice Form                       Ice/Transmutation            4
   e - Blade Hands                    Transmutation                5
Comestibles
 c - 3 rations


   Skills:
 + Level 1.1 Fighting
 + Level 3.2 Dodging
 * Level 0.4 Stealth
 + Level 3.5 Unarmed Combat
 + Level 2.1 Spellcasting
 * Level 2.4 Transmutations


You had 4 spell levels left.
You knew the following spells:

 Your Spells              Type           Power        Failure   Level  Hunger
a - Beastly Appendage     Tmut           #.....       9%          1    ##.....


Dungeon Overview and Level Annotations

Branches:
Dungeon (2/15)

Altars:


Innate Abilities, Weirdness & Mutations

You cannot wear armour.
You are incapable of wielding weapons or throwing items.
Your paws allow you to move quietly. (Stealth)
You have sharp claws.
You have razor-sharp teeth.
You have supernaturally acute eyesight. (SInv)
You are carnivorous and can eat meat at any time.
You cover ground quickly.
You are covered in fur. (AC +1)
You have a slow metabolism.
Your sharp claws are effective at attacking unaware monsters.
You have a pair of horns on your head.


Message History

A gnoll comes into view.
The gnoll shouts!
The gnoll moves out of view.
The gnoll hits you.
You barely miss the gnoll. Your headbutt misses the gnoll. The gnoll hits you.
You scratch the gnoll but do no damage. The gnoll misses you.
You scratch the gnoll. You headbutt the gnoll.
The gnoll is severely wounded.
The gnoll hits you.
* * * LOW HITPOINT WARNING * * *
A gnoll comes into view.
You scratch the gnoll. Your headbutt misses the gnoll.
The gnoll is almost dead.
You scratch the gnoll but do no damage. You bite the gnoll, but do no damage.
Your transformation is almost over.
You scratch the gnoll. Your bite misses the gnoll.
The gnoll is lightly wounded.
The gnoll barely misses you. The gnoll hits you.
Ouch! That really hurt!
You die...

.............#
#.............#
#........##'###
#........##.#
#...........#
.. #.......####
...##.......#
....g.g.....#
#....g@....#
............#
#.%.........#
............#
###......####
#......#
########


You could see 3 gnolls.

Vanquished Creatures
  A leopard gecko (D:1)
  2 giant cockroaches (D:1)
  4 goblins (D:1)
  2 hobgoblins (D:1)
  2 jackals (D:1)
  3 kobolds (D:1)
  2 bats (D:1)
  2 rats (D:1)
18 creatures vanquished.

Notes
Turn   | Place    | Note
-------+----------+-------------------------------------------
     0 | D:1      | Krilegs the Felid Transmuter began the quest for the Orb.
     0 | D:1      | Reached XP level 1. HP: 9/9 MP: 4/4
   104 | D:1      | Reached XP level 2. HP: 8/12 MP: 4/6
   813 | D:2      | Slain by a gnoll

Skill      XL: |  1 |
---------------+----+-----
Dodging        | 3 |  3.2
Fighting       | |  1.1
Stealth        | |  0.4
Unarmed Combat | |  3.5
Spellcasting   | |  2.1
Transmutations | |  2.4

Action                   || total
-------------------------++-------
Melee: Unarmed           ||    67
       Bite              ||     8
       Headbutt          ||     6
       Punch             ||     1
 Cast: Beastly Appendage ||    10
  Use: Scroll            ||     1
       Potion            ||     1
 Stab: Sleeping          ||     2
  Eat: Chunk             ||     2
Armor: Skin              ||     8
Dodge: Dodged            ||    57
